 Dungeon Crawl Stone Soup version 0.28-a0-519-gbfeecf2fc5 (webtiles) character file.

Game seed: 6736316911188152123

851 robertstho the Magician (level 8, -11/55 HPs)
             Began as a Djinni Fire Elementalist on Sept 23, 2021.
             Was an Initiate of Gozag.
             Mangled by an orc warrior (17 damage)
             ... on level 5 of the Dungeon.
             The game lasted 00:07:18 (5365 turns).

robertstho the Magician (Djinni Fire Elementalist)  Turns: 5365, Time: 00:07:19

Health: -11/55     AC:  4    Str:  3    XL:     8   Next: 21%
Gold:   262        EV: 12    Int: 18    God:    Gozag SH:  0 Dex: 15

rFire   + + +      SeeInvis .   t - +2 lajatang "Vatocw" {freeze, rPois rF+ rN+++ Str-4}
rCold   x . .      Faith    .   (shield currently unavailable)
rNeg    + + +      Spirit   .   a - +0 robe
rPois   ∞          Reflect  .   (no helmet)
rElec   .          Harm     .   p - +1 cloak
rCorr   .          Rampage  .   (no gloves)
Will    .....                   (boots unavailable)
Stlth   ++........              h - amulet of regeneration
HPRegen 1.18/turn               (no ring)
MPRegen 0.00/turn               (no ring)

@: gold aura, flying
A: sickness immunity, fire resistance 2, cold vulnerability 1, float, innate
caster, hp casting, extra vitality 1
a: Renounce Religion, Potion Petition, Call Merchant, Bribe Branch


You were on level 5 of the Dungeon.
You worshipped Gozag.
Gozag was aware of your devotion.
You visited 2 branches of the dungeon, and saw 6 of its levels.

You collected 288 gold pieces.
You paid 26 gold pieces to Gozag.

Inventory:

Hand Weapons
 s - a +2 whip of venom
 t - the +2 lajatang "Vatocw" (weapon) {freeze, rPois rF+ rN+++ Str-4}
   (You found it on level 5 of the Dungeon)

   It freezes those it strikes, dealing additional cold damage.
   It can also slow down cold-blooded creatures.
   Str:       It affects your strength (-4).
   rF:        It protects you from fire.
   rPois:     It protects you from poison.
   rN:        It renders you almost immune to negative energy.
Armour
 a - a +0 robe (worn)
 p - a +1 cloak (worn)
Jewellery
 h - an amulet of regeneration (around neck)
Wands
 u - a wand of paralysis (11)
 w - a wand of flame (20)
Scrolls
 b - a scroll of enchant armour
 c - a scroll of teleportation
 e - a scroll of brand weapon {unknown}
 k - 2 scrolls of enchant weapon
 q - a scroll of immolation
 x - a scroll of blinking {unknown}
Potions
 d - a potion of haste {unknown}
 f - a potion of resistance {unknown}
 g - 5 potions of curing
 i - 2 potions of flight {unknown}
 l - a potion of berserk rage {unknown}
 r - a potion of brilliance {unknown}
 v - a potion of attraction {unknown}


   Skills:
 * Level 2.6 Fighting
 + Level 0.2 Staves
 + Level 2.4 Dodging
 + Level 2.2 Stealth
 * Level 6.5 Spellcasting


You had 2 spell levels left.
You knew the following spells:

 Your Spells              Type           Power      Damage    Failure   Level
a - Foxfire               Conj/Fire      100%       2x1d9     1%          1
b - Scorch                Fire           58%        2d7       1%          2
c - Conjure Flame         Conj/Fire      29%        6-21      2%          3
d - Inner Flame           Hex/Fire       29%        N/A       2%          3
e - Flame Wave            Conj/Fire      29%        3d7       8%          4
f - Freeze                Ice            100%       1d11      1%          1
g - Passwall              Tmut/Erth      24%        N/A       1%          2
h - Searing Ray           Conj           58%        2d6       1%          2
Your spell library was empty.

Dungeon Overview and Level Annotations

Branches:
Dungeon (5/15)             Temple (1/1) D:4

Altars:
Cheibriados
Gozag
Kikubaaqudgha
Sif Muna
The Shining One


Innate Abilities, Weirdness & Mutations

You are immune to sickness and miasma.
You are immune to poison.
Your flesh is very heat resistant. (rF++)
You are vulnerable to cold. (rC-)
You float through the air rather than walking.
You learn spells naturally, not from books.
Your magical power is your life essence.
You have superior vitality. (+4 HP)


Message History

The orc warrior is heavily wounded.
The centaur zombie closely misses you. The centaur zombie kicks you.
The orc warrior hits you from afar with a +0 glaive.
A wave of flame ripples out!
The flame wave engulfs the centaur zombie!
The centaur zombie is severely damaged.
The flame wave engulfs the orc warrior.
The orc warrior is burned terribly!
The orc warrior is heavily wounded.
The flame wave engulfs the orc.
The orc is lightly wounded.
You finish channelling waves of flame.
You hear a shout! x2
The centaur zombie hits you but does no damage.
The centaur zombie kicks you but does no damage.
The orc warrior hits you from afar with a +0 glaive.
The centaur zombie barely misses you. x2
Casting: Flame Wave (dangerous; 8% risk of failure)
Confirm with . or Enter, or press ? or * to list all spells.
Casting: Flame Wave (dangerous; 8% risk of failure)
Press: ? - help, Dir - look around, f - activate A wave of flame ripples out!
The flame wave engulfs the centaur zombie!
You destroy the centaur zombie! (Press . to intensify the flame waves.)
The orc warrior is no longer more vulnerable to fire.
The orc warrior hits you from afar with a +0 glaive!
A wave of flame ripples out!
The flame wave engulfs the orc warrior.
The orc warrior is severely wounded.
The orc warrior hits you from afar with a +0 glaive!
* * * LOW HITPOINT WARNING * * *
A wave of flame ripples out!
The flame wave engulfs the orc warrior.
The orc warrior is almost dead.
The flame wave engulfs the orc!
You kill the orc!
* * * LOW HITPOINT WARNING * * *
You finish channelling waves of flame.
You hear a shout! x2
The orc warrior hits you from afar with a +0 glaive!
You die...
Your body crumbles into a pile of gold.

###.....##.##..###...............
#..............................
#.....#####..###...............
#.....# #......#####.#...#.##..
####### #.##.#:# #.#........#
#.##.#.# #.#...#.####
#.##...#####.#...#.#
#.###..#.........#.# #.#
#.@#.###........#
#......$..#########.# ###.#.##o.#
.. ..... $.$. # ###.#. ....! #.#.
.#.#. # #. .... .. #...


You could see an orc warrior.

Vanquished Creatures
  2 phantoms (D:4)
  3 scorpions
  2 water moccasin skeletons
  A centaur zombie (D:5)
  A jelly (D:5)
  3 orc priests
  A bullfrog skeleton (D:5)
  2 orc wizards
  Terence (D:3)
  A gnoll (D:1)
  7 adders
  A worm (D:2)
  3 dart slugs
  16 orcs
  6 endoplasms
  4 giant cockroaches
  7 goblins
  5 hobgoblins
  2 jackals (D:1)
  7 kobolds
  6 quokkas
  9 ball pythons
  3 bats
  6 frilled lizards
  6 rats
105 creatures vanquished.

Vanquished Creatures (others)
  A human (D:4)
  370 foxfires
371 creatures vanquished.

Grand Total: 476 creatures vanquished

Notes
Turn   | Place    | Note
-------+----------+-------------------------------------------
     0 | D:1      | robertstho the Djinni Fire Elementalist began the quest for
                  | the Orb.
     0 | D:1      | Reached XP level 1. HP: 15/15 MP: 0/0
    39 | D:1      | Reached XP level 2. HP: 16/21 MP: 0/0
   347 | D:1      | Reached skill level 3 in Spellcasting
   481 | D:1      | Reached XP level 3. HP: 18/26 MP: 0/0
   481 | D:1      | Learned a level 1 spell: Freeze
   863 | D:1      | Found a faded altar of an unknown god.
  1224 | D:1      | Reached skill level 1 in Fighting
  1656 | D:2      | Reached XP level 4. HP: 25/32 MP: 0/0
  2072 | D:2      | Reached XP level 5. HP: 29/37 MP: 0/0
  2072 | D:2      | Learned a level 2 spell: Passwall
  2243 | D:2      | Reached skill level 4 in Spellcasting
  3227 | D:3      | Found a snail-covered altar of Cheibriados.
  3294 | D:3      | Noticed Terence
  3300 | D:3      | Killed Terence
  3301 | D:3      | Reached XP level 6. HP: 38/42 MP: 0/0
  3852 | D:4      | Reached skill level 5 in Spellcasting
  3904 | D:4      | Found a staircase to the Ecumenical Temple.
  3913 | D:4      | Reached XP level 7. HP: 41/48 MP: 0/0
  3913 | D:4      | Learned a level 2 spell: Searing Ray
  3918 | Temple   | Entered the Ecumenical Temple
  3953 | Temple   | Became a worshipper of Gozag Ym Sagoz the Greedy
  4101 | D:4      | Reached skill level 6 in Spellcasting
  4229 | D:4      | You are sucked into a shaft and drop 1 floor!
  4229 | D:5      | Entered Level 5 of the Dungeon
  4234 | D:5      | Identified the +2 lajatang "Vatocw" {freeze, rPois rF+
                  | rN+++ Str-4}
  4565 | D:4      | Noticed a human
  4566 | D:4      | Killed a human
  4789 | D:4      | Reached XP level 8. HP: 55/55 MP: 0/0
  5365 | D:5      | Mangled by an orc warrior

Illustrated notes

Levels and vault maps discovered:
D:1:      dpeg_arrival_water_temple_mockup, layout_basic,
          shapermc_ecumenical_altar_pompeii
D:2:      layout_loops_cross
D:3:      layout_basic, cheibriados_altar_1, lemuel_doored_altar, uniq_terence
D:4:      layout_basic, tgw_kikubaaqudgha, minmay_temple_entry_statues_fountains
D:5:      layout_loops_cross, zin_purify, uniq_pikel
Temple:   nicolae_temple_figure_zero

Skill      XL: |  1  2  3  4  5  6  7 |
---------------+----------------------+-----
Spellcasting   | 3 4 5 6 |  6.5
Fighting       | 1 2 |  2.6
Stealth        | 2 |  2.2
Staves         | |  0.2
Dodging        | |  2.4

Action                   |  1- 3 |  4- 6 |  7- 9 || total
-------------------------+-------+-------+-------++-------
Melee: Lajatang          |       |       |     4 ||     4
       Dagger            |       |       |     1 ||     1
 Cast: Foxfire           |    71 |   121 |    33 ||   225
       Scorch            |     2 |    19 |    28 ||    49
       Flame Wave        |       |       |     2 ||     2
  Use: Potion            |       |       |     1 ||     1
       Scroll            |       |       |     7 ||     7
 Stab: Sleeping          |       |       |     1 ||     1
Armor: Robe              |     8 |     2 |     6 ||    16
Dodge: Dodged            |    20 |     8 |    17 ||    45

Table legend: (Time is in decaauts)
 A = Elapsed time spent in this place.
 B = Non-inter-level travel time spent in this place.
 C = Inter-level travel time spent in this place.
 D = Time resting spent in this place.
 E = Time spent auto-exploring this place.
 F = Levels seen in this place.
 G = Mean time per level.
                   A        B        C        D        E       F      G
               +--------+--------+--------+--------+--------+-----+--------+
         Total |   5369 |   5060 |    309 |      0 |   4429 |   6 |  894.8 |
       Dungeon |   5321 |   5025 |    296 |      0 |   4399 |   5 | 1064.2 |
        Temple |     47 |     35 |     12 |      0 |     30 |   1 |   47.0 |
               +--------+--------+--------+--------+--------+-----+--------+

Top non-repeatable levels by time:
     D:1: 1673 daAuts
     D:4: 1238 daAuts
     D:2: 1101 daAuts
     D:3: 1092 daAuts
     D:5: 216 daAuts
  Temple: 47 daAuts
